 Dungeon Crawl Stone Soup version 0.31.0-1-g2c135a008e (webtiles) character file.

Game seed: 12997921438358072340

247512 Gladio the Slayer (level 20, -10/188 HPs)
             Began as a Formicid Fighter on Jan 20, 2024.
             Was a High Priest of Jiyva.
             Mangled by Smee's ghost (24 damage)
             ... on level 4 of the Snake Pit.
             The game lasted 01:19:37 (27769 turns).

Gladio the Slayer (Formicid Fighter)               Turns: 27769, Time: 01:19:38

Health: -10/188    AC: 29    Str: 27    XL:     20   Next: 0%
Magic:  20/20      EV:  9    Int: 12    God:    Jiyva [*****.]
Gold:   195        SH: 25    Dex: 20    Spells: 19/19 levels left

rFire   . . .        S - +7 lajatang of the Kissing Badger {venom, Int+4}
rCold   . . .        T - +0 tower shield
rNeg    + . .        m - +9 plate armour "Surhecza" {rElec Will+}
rPois   +            (helmet unavailable)
rElec   +            l - +0 cloak
rCorr   +            C - +1 pair of gloves "Boci" {rN+ Regen+ Str-4 Dex+3}
SInv    +            (no boots)
Will    +++++        R - amulet of Iwyestri {Reflect Regen+ SH+5} Stlth
                     G - ring of poison resistance
HPRegen 3.55/turn    v - ring "Bolais" {Str+3 Slay+4}
MPRegen 0.89/turn

%: reflection
@: calling ooze, studying Throwing
A: permanent stasis, dig shafts and tunnels, antennae 3, four strong arms,
hooves 1, agile 1, strong-willed 3, electricity resistance, gelatinous body 2,
pseudopods 3, translucent skin 1, tendrils, MP-powered wands, engulf
}: 2/15 runes: decaying, slimy
a: Dig, Shaft Self, Renounce Religion, Oozemancy, Slimify


You were on level 4 of the Snake Pit.
You worshipped Jiyva.
Jiyva was extremely pleased with you.
You visited 7 branches of the dungeon, and saw 36 of its levels.

You collected 2002 gold pieces.
You spent 1807 gold pieces at shops.

Inventory:

Hand Weapons
 S - the +7 lajatang of the Kissing Badger (weapon) {venom, Int+4}
   (You found it on level 5 of the Pits of Slime)

   Int+4:     It affects your intelligence (+4).
Missiles
 c - 2 throwing nets
 f - 11 boomerangs
 g - 17 curare-tipped darts
 h - 22 poisoned darts
Armour
 l - a +0 cloak (worn)
 m - the +9 plate armour "Surhecza" (worn) {rElec Will+}
   (You found it on level 5 of the Pits of Slime)

   rElec:     It insulates you from electricity.
   Will+:     It increases your willpower.
 C - the +1 pair of gloves "Boci" (worn) {rN+ Regen+ Str-4 Dex+3}
   (You bought it in a shop on level 2 of the Orcish Mines)

   Str-4:     It affects your strength (-4).
   Dex+3:     It affects your dexterity (+3).
   rN+:       It protects you from negative energy.
   Regen+:    It increases your rate of health regeneration.
 J - a +1 plate armour of fire resistance
 P - a +1 pair of gloves
 T - a +0 tower shield (worn)
Jewellery
 b - the amulet "Maergh" {RegenMP rN++ Int-2}
   (You found it on level 2 of the Snake Pit)

   [amulet of magic regeneration]

   RegenMP:   It increases your rate of magic regeneration.
   Int-2:     It affects your intelligence (-2).
   rN++:      It greatly protects you from negative energy.
 k - a ring of positive energy
 t - a ring of fire
 v - the ring "Bolais" (right hand) {Str+3 Slay+4}
   (You bought it in a shop on level 2 of the Orcish Mines)

   [ring of slaying]

   Str+3:     It affects your strength (+3).
   Slay+4:    It affects your accuracy & damage with ranged weapons and melee
   (+4).
 G - a ring of poison resistance (left hand)
 H - a ring of fire
 K - a ring of resist corrosion
 M - a ring of ice
 R - the amulet of Iwyestri (around neck) {Reflect Regen+ SH+5}
   (You found it on level 5 of the Pits of Slime)

   [amulet of reflection]

   Reflect:   It reflects blocked missile attacks.
   Regen+:    It increases your rate of health regeneration.
   SH+5:      It affects your SH (+5).
 V - a +6 ring of strength
Wands
 o - a wand of digging (5)
 r - a wand of polymorph (19)
 u - a wand of flame (25) (quivered)
 D - a wand of mindburst (15)
 N - a wand of paralysis (8)
 O - a wand of light (22)
Scrolls
 a - 2 scrolls of poison
 d - 2 scrolls of silence
 e - a scroll of brand weapon {unknown}
 i - a scroll of summoning {unknown}
 j - 2 scrolls of immolation
 n - 2 scrolls of revelation
 p - a scroll of enchant weapon
 s - 3 scrolls of vulnerability
 x - 2 scrolls of noise
 y - 3 scrolls of fear
 A - 2 scrolls of fog
 L - 3 scrolls of blinking
 W - 3 scrolls of enchant armour
 X - 3 scrolls of amnesia
Potions
 q - 4 potions of mutation
 w - 6 potions of berserk rage
 z - 7 potions of attraction
 B - a potion of curing
 F - a potion of heal wounds
 Q - a potion of cancellation {unknown}
 U - 2 potions of lignification
 Y - a potion of magic {unknown}
 Z - 2 potions of enlightenment
Miscellaneous
 E - a phial of floods (inert)
 I - a box of beasts


   Skills:
 * Level 24.0 Fighting
 - Level 16.0 Staves
 + Level 19.4 Armour
 + Level 15.5 Shields


You had 19 spell levels left.
You didn't know any spells.
Your spell library contained the following spells:

 Spells                   Type           Power      Damage    Failure   Level
 Apportation              Tloc           0%         N/A       98%         1
 Ensorcelled Hibernation  Hex/Ice        0%         N/A       99%         2
 Jinxbite                 Hex            0%         N/A       99%         2
 Sublimation of Blood     Necr           0%         N/A       99%         2
 Frozen Ramparts          Ice            0%         1d1       100%        3
 Fugue of the Fallen      Necr           0%         N/A       100%        3
 Ozocubu's Armour         Ice            0%         N/A       100%        3
 Passwall                 Erth           0%         N/A       100%        3
 Flame Wave               Conj/Fire      0%         2d4       100%        4
 Leda's Liquefaction      Alch/Erth      0%         N/A       100%        4
 Alistair's Intoxication  Alch           0%         N/A       100%        5
 Arcjolt                  Conj/Air       0%         1d10      100%        5
 Lee's Rapid Deconstruct  Erth           0%         3d4*      100%        5
 Metabolic Englaciation   Hex/Ice        0%         N/A       100%        5
 Bombard                  Conj/Erth      0%         9d1       100%        6
 Conjure Ball Lightning   Conj/Air       0%         3x3d6     100%        6
 Plasma Beam              Fire/Air       0%         2x1d10    100%        6
 Sculpt Simulacrum        Ice/Alch       0%         N/A       100%        6
 Borgnjor's Revivificati  Necr           0%         N/A       100%        8
 Discord                  Hex            0%         N/A       100%        8
 Disjunction              Tloc           0%         N/A       100%        8
 Maxwell's Capacitive Co  Air            0%         ∞         100%        8
 Swiftness                Air            Unusable   N/A       N/A         3
 Vhi's Electric Charge    Tloc/Air       Unusable   N/A       N/A         4

Dungeon Overview and Level Annotations

Branches:
Dungeon (15/15)            Temple (1/1) D:4            Lair (5/5) D:9
  Swamp (4/4) Lair:2        Snake (4/4) Lair:3        Slime (5/5) Lair:5
    Orc (2/2) D:12            Elf (0/3) Orc:2        Vaults (0/5) D:14
 Depths (0/4) D:15

Altars:
Ashenzari
Cheibriados
Dithmenos
Elyvilon
Fedhas
Gozag
Hepliaklqana
Kikubaaqudgha
Makhleb
Nemelex Xobeh
Okawaru
Qazlal
Ru
Sif Muna
Trog
Uskayaw
Vehumet
Wu Jian
Xom
Yredelemnul
Zin
The Shining One
Jiyva

Shops:
D:12 *[   D:15 :   Orc:2 [?=[

Portals:
Abyss: D:7

Annotations:
Lair:2 exclusion: oklob plant
Lair:4 exclusions: lava snake, orange crystal statue and 4 more exclusions
Swamp:3 Roxanne
Swamp:4 3 runed translucent doors, kittinger's ghost, adept HOFi
Snake:4 exclusion: door, Smee's ghost, adept MiFi
Slime:5 Dissolution, Royal Jelly


Innate Abilities, Weirdness & Mutations

You cannot be hasted, slowed, berserked, paralysed or teleported.
You can dig through walls and to a lower floor.
You have a pair of large antennae on your head. (SInv)
Your four strong arms can wield two-handed weapons with a shield.
You have large cloven feet.
You are agile. (Dex +4, Str/Int -1)
You are extremely strong-willed. (Will+++)
You are resistant to electric shocks. (rElec)
Your pliable body absorbs attacks. (AC +2, EV +2)
Armour fits poorly on your massive pseudopods.
Your translucent skin slightly reduces your foes' accuracy. (Stealth+)
You are covered in slimy tendrils that may disarm your opponents.
You expend magic power (3 MP) to strengthen your wands.
Your melee attacks may engulf your foes in ooze.


Message History

The wall burns the salamander mystic!
The slime creature completely misses the black mamba.
The wall burns Smee's ghost!
Smee's ghost hits you but does no damage.
You hit Smee's ghost but do no damage.
You kick Smee's ghost, but do no damage.
Your bludgeon misses Smee's ghost.
Smee's ghost is severely damaged.
You block the black mamba's attack. The black mamba barely misses you.
You block the black mamba's attack.
The black mamba bites you but does no damage.
You block the black mamba's attack.
The wall burns the salamander mystic!
You block the black mamba's attack.
The wall burns Smee's ghost!
Smee's ghost closely misses you. The black mamba bites you!
* * * LOW HITPOINT WARNING * * *
The slime creature barely misses Smee's ghost.
The black mamba bites you but does no damage.
You barely miss Smee's ghost. Your kick misses Smee's ghost.
Smee's ghost is severely damaged.
The black mamba bites you but does no damage. x2
You block the black mamba's attack.
The wall burns the salamander mystic!
You block the black mamba's attack.
The black mamba bites you but does no damage.
You block the black mamba's attack.
The wall burns the salamander mystic!
You slash Smee's ghost! You kick Smee's ghost.
Smee's ghost is almost destroyed.
You block the black mamba's attack. x3
The black mamba bites you but does no damage.
The wall burns Smee's ghost!
Smee's ghost hits you!!
* * * LOW HITPOINT WARNING * * *
You block the black mamba's attack. The black mamba barely misses you.
The wall burns the salamander mystic!
The black mamba bites you but does no damage.
You hit Smee's ghost but do no damage.
You kick Smee's ghost, but do no damage.
Your bludgeon misses Smee's ghost.
Smee's ghost is almost destroyed.
You block the black mamba's attack. x3; The wall burns Smee's ghost!
Smee's ghost hits you!!
You die...

#...#.....<......#.....##
##...#...........##......#
#....#............#......#
.....#...........##......#
#....##..........#.......# {
#.....############......÷#
##......................)##
#..............SSSJ.....))#
#...............@.......))##
#............###WS'###.....##
##..<........#..N....#......##
#...........#.......#...)...##
##...........#.#...#.#........###
#............#..#.#..#...........
#............#.#...#.#..)).......
.............#.}??|:.#..)####....
.............#...?...#.)†[..##...


You could see a salamander mystic, 4 black mambas, Smee's ghost and a neutral
slime creature (wandering) (fellow slime).

Vanquished Creatures
  Saint Roka (Orc:1)
  A tentacled monstrosity (Snake:1)
  2 thorn hunters
  Aizul (Snake:2)
  2 fenstrider witches (Swamp:4)
  3 ghouls (Swamp:1)
  Louise (Snake:4)
  A stone giant (D:15)
  An ironbound preserver (D:14)
  5 bunyips
  4 eleionomae
  Snorg (Orc:1)
  Harold (D:11)
  Fannar (Lair:1)
  3 salamander tyrants
  20 hydras
  A catoblepas (D:13)
  An ogre mage (D:15)
  12 anacondas
  5 boulder beetles
  7 two-headed ogres
  2 ghost crabs
  20 alligators
  10 centaur warriors
  3 tengu warriors (D:15)
  9 naga warriors
  5 spriggan berserkers
  3 orc high priests (Orc:2)
  11 naga sharpshooters
  8 shock serpents
  3 salamander mystics
  Sonja (Orc:2)
  The ghost of Noisytoot the Insei, a novice GnSh of Vehumet (D:8)
  4 sea snakes
  3 naga ritualists (Snake:4)
  2 skysharks (Lair:5)
  9 goliath frogs
  The ghost of Skimidon the Fighter, a novice GrFi of Trog (D:7)
  3 spriggan druids
  18 swamp dragons
  8 bog bodies
  7 mana vipers
  6 deep elf pyromancers
  9 cyclopes
  An orc knight (Orc:2)
  22 salamanders
  3 orc sorcerers
  4 manticores
  14 ugly things
  5 will-o-the-wisps
  5 elephants (Lair:4)
  6 meliai (D:14)
  36 black mambas
  2 guardian serpents
  20 naga magi
  8 spectral spriggans (Swamp:1)
  A gargoyle (D:11)
  18 cane toads
  5 kobold demonologists
  2 unseen horrors
  4 freezing wraiths
  2 efreet
  11 komodo dragons
  Psyche (D:12)
  A tengu conjurer (D:15)
  A bloated husk (Swamp:1)
  6 trolls
  A polar bear (Lair:2)
  6 hornets
  12 tyrant leeches
  35 blink frogs
  A wolf spider simulacrum (D:15)
  2 centaur simulacra (D:14)
  Sigmund (D:5)
  5 wyverns
  6 spriggans
  6 shadows
  2 vampires
  4 wargs
  47 yaks
  2 wraiths
  6 basilisks
  3 steam dragons
  25 vampire mosquitoes
  48 nagas
  21 swamp worms
  4 acid dragons
  13 water moccasins
  9 swamp drakes
  26 orc warriors
  3 black bears
  4 small abominations (D:7)
  10 ogres
  24 wolves
  18 centaurs
  4 kobold brigands
  20 bullfrogs
  5 gnoll sergeants
  A brain worm (D:10)
  4 scorpions
  20 wights
  6 killer bees
  4 electric eels
  3 howler monkeys
  2 hounds
  Crazy Yiuf (D:2)
  34 orc priests
  A gnoll bouda (D:8)
  2 iguanas (D:5)
  Terence (D:2)
  19 orc wizards
  9 hell rats (Lair:3)
  7 gnolls
  4 adders
  10 river rats (Lair:3)
  2 shadow imps (D:6)
  A white imp (D:8)
  3 ribbon worms
  A dart slug (D:15)
  68 orcs
  An endoplasm (D:1)
  4 giant cockroaches
  5 goblins
  8 hobgoblins
  6 jackals
  17 kobolds
  A quokka (D:5)
  4 ball pythons
  6 bats
  4 frilled lizards
  5 rats
1035 creatures vanquished.

Vanquished Creatures (collateral kills)
  A two-headed ogre (D:10)
  Lodul (D:10)
  3 ugly things
  An orc sorcerer (Orc:2)
  A komodo dragon (D:9)
  2 yaks (D:10)
  A steam dragon (D:10)
  An ogre (D:10)
  2 wights (D:10)
  A kobold (D:10)
14 creatures vanquished.

Vanquished Creatures (others)
  An acid blob (Swamp:3)
  An azure jelly (Snake:2)
  An orc high priest (Orc:2)
  A spriggan berserker (Swamp:4)
  A salamander (Snake:2)
  A troll (D:10)
  4 bloated husks (Swamp:1)
  A yak (D:8)
  2 nagas
  2 orc warriors (Orc:2)
  3 bullfrogs
  A kobold brigand (D:11)
  A howler monkey (D:6)
  An electric eel (Snake:3)
  2 lava snakes (Lair:4)
  153 jellies
  8 orc priests
  A gnoll bouda (D:9)
  11 orc wizards
  3 gnolls (D:9)
  A white imp (D:6)
  A ribbon worm (D:3)
  9 orcs
  3 endoplasms
  A giant cockroach (D:1)
  A bat (D:1)
  A frilled lizard (D:1)
  5 kobolds
  A rat (D:1)
  34 foxfires
256 creatures vanquished.

Grand Total: 1305 creatures vanquished

Notes
Turn   | Place    | Note
-------+----------+-------------------------------------------
     0 | D:1      | Gladio the Formicid Fighter began the quest for the Orb.
     0 | D:1      | Reached XP level 1. HP: 18/18 MP: 1/1
   180 | D:1      | Found a faded altar of an unknown god.
   192 | D:1      | Prayed at the altar of an unknown god.
   192 | D:1      | Became a worshipper of Jiyva Juskosae the Shapeless
   192 | D:1      | Reached * piety under Jiyva
   275 | D:1      | Reached XP level 2. HP: 24/24 MP: 2/2
   948 | D:2      | Reached ** piety under Jiyva
  1023 | D:2      | Reached XP level 3. HP: 28/30 MP: 3/3
  1220 | D:2      | Found a runed translucent door.
  1221 | D:2      | Noticed Crazy Yiuf
  1233 | D:2      | Killed Crazy Yiuf
  1234 | D:2      | Reached skill level 4 in Fighting
  1234 | D:2      | Reached XP level 4. HP: 14/37 MP: 4/4
  1384 | D:2      | Noticed Terence
  1392 | D:2      | Killed Terence
  1490 | D:2      | Reached XP level 5. HP: 41/42 MP: 5/5
  3382 | D:3      | Reached *** piety under Jiyva
  3920 | D:3      | Reached skill level 5 in Staves
  3920 | D:3      | Reached XP level 6. HP: 50/50 MP: 6/6
  3936 | D:3      | Reached skill level 5 in Fighting
  4003 | D:4      | Gained mutation: You have large cloven feet. [Jiyva's
                  | grace]
  4003 | D:4      | Gained mutation: You have hoof-like feet. [Jiyva's grace]
  4003 | D:4      | Gained mutation: You have hooves in place of feet. [Jiyva's
                  | grace]
  4003 | D:4      | Gained mutation: Your rubbery body absorbs attacks. (AC +1,
                  | EV +1) [Jiyva's grace]
  4050 | D:4      | Found a staircase to the Ecumenical Temple.
  4066 | Temple   | Entered the Ecumenical Temple
  4085 | D:4      | Reached **** piety under Jiyva
  4441 | D:5      | Entered Level 5 of the Dungeon
  4471 | D:5      | Noticed a steam dragon
  4487 | D:5      | Killed a steam dragon
  4488 | D:5      | Reached XP level 7. HP: 56/56 MP: 7/7
  4594 | D:5      | Noticed a water moccasin
  4601 | D:5      | Killed a water moccasin
  4641 | D:5      | Reached skill level 6 in Fighting
  4719 | D:5      | Reached XP level 8. HP: 64/64 MP: 8/8
  4837 | D:5      | Noticed Sigmund
  4861 | D:5      | Killed Sigmund
  5285 | D:6      | Reached ***** piety under Jiyva
  5337 | D:6      | Reached skill level 7 in Fighting
  5481 | D:6      | Found a basalt altar of Yredelemnul.
  5481 | D:6      | Found a glowing golden altar of the Shining One.
  5486 | D:6      | Found a shimmering altar of Xom.
  6031 | D:7      | Reached XP level 9. HP: 72/72 MP: 9/9
  6090 | D:7      | Gained mutation: You are somewhat resistant to further
                  | mutation. [Jiyva's grace]
  6090 | D:7      | Gained mutation: You are somewhat resistant to both further
                  | mutation and mutation removal. [Jiyva's grace]
  6090 | D:7      | Gained mutation: You are almost entirely resistant to
                  | further mutation and mutation removal. [Jiyva's grace]
  6090 | D:7      | Gained mutation: You are partially covered in iridescent
                  | scales. (AC +2) [Jiyva's grace]
  6154 | D:7      | Reached skill level 8 in Fighting
  6201 | D:7      | Found a transporter.
  6232 | D:7      | Found a transporter.
  6259 | D:7      | Reached skill level 10 in Staves
  6424 | D:7      | Found a one-way gate to the infinite horrors of the Abyss.
  6624 | D:7      | Noticed Skimidon's ghost (novice GrFi)
  6720 | D:7      | Reached skill level 5 in Shields
  6725 | D:7      | Reached XP level 10. HP: 80/82 MP: 10/10
  6738 | D:8      | Found an opulent altar of Gozag.
  6743 | D:8      | Noticed a two-headed ogre
  6755 | D:8      | Killed a two-headed ogre
  6756 | D:8      | Reached skill level 9 in Fighting
  6756 | D:8      | Reached skill level 5 in Armour
  6914 | D:8      | Found a transporter.
  6922 | D:8      | Found a transporter.
  6927 | D:8      | Noticed Noisytoot's ghost (novice GnSh)
  6941 | D:8      | Reached skill level 10 in Fighting
  6954 | D:8      | Reached XP level 11. HP: 88/91 MP: 11/11
  7180 | D:8      | Reached ****** piety under Jiyva
  7189 | D:8      | Found a shimmering blue altar of Sif Muna.
  7219 | D:9      | Found a staircase to the Lair.
  7804 | D:9      | Reached skill level 11 in Fighting
  7899 | D:10     | Entered Level 10 of the Dungeon
  7940 | D:10     | Identified the +11 dagger "Cimm" {flame, Dex+3}
  7985 | D:10     | Noticed a purple ugly thing
  8041 | D:9      | HP: 3/93 [purple ugly thing (13)]
  8044 | D:9      | Killed a purple ugly thing
  8295 | D:10     | Reached XP level 12. HP: 102/102 MP: 12/12
  8315 | D:10     | Noticed a centaur warrior
  8333 | D:10     | Killed a centaur warrior
  8334 | D:10     | Reached skill level 12 in Fighting
  8336 | D:10     | Noticed a two-headed ogre
  8345 | D:10     | Killed a two-headed ogre
  8447 | D:10     | Lost mutation: You have hooves in place of feet. [Jiyva's
                  | grace]
  8447 | D:10     | Lost mutation: You have hoof-like feet. [Jiyva's grace]
  8447 | D:10     | Gained mutation: Armour fits poorly on your pseudopods.
                  | [Jiyva's grace]
  8447 | D:10     | Gained mutation: Armour fits poorly on your large
                  | pseudopods. [Jiyva's grace]
  8447 | D:10     | Gained mutation: Armour fits poorly on your massive
                  | pseudopods. [Jiyva's grace]
  8447 | D:10     | Gained mutation: Your melee attacks may engulf your foes in
                  | ooze. [Jiyva's grace]
  8486 | D:10     | Noticed Lodul
  8497 | D:10     | Killed Lodul
  8498 | D:10     | Reached skill level 10 in Armour
  8574 | D:10     | Noticed a centaur warrior
  8638 | D:10     | Killed a centaur warrior
  8876 | D:10     | Reached skill level 13 in Fighting
  9271 | D:7      | Killed Skimidon's ghost
  9272 | D:7      | Reached XP level 13. HP: 111/111 MP: 13/13
  9406 | D:8      | Killed Noisytoot's ghost
  9538 | Lair:1   | Entered Level 1 of the Lair of Beasts
 10574 | Lair:2   | Noticed a seven-headed hydra
 10594 | Lair:2   | Noticed an eleionoma
 10594 | Lair:2   | Noticed Fannar
 10594 | Lair:2   | Found a staircase to the Swamp.
 10608 | Lair:1   | Killed Fannar
 10634 | Lair:1   | Killed an eleionoma
 10635 | Lair:1   | Reached skill level 14 in Fighting
 10662 | Lair:2   | Lost mutation: Your rubbery body absorbs attacks. (AC +1,
                  | EV +1) [Jiyva's grace]
 10662 | Lair:2   | Gained mutation: Your system is resistant to poisons.
                  | (rPois) [Jiyva's grace]
 10662 | Lair:2   | Gained mutation: Your muscles are strong. (Str +4, Int/Dex
                  | -1) [Jiyva's grace]
 10662 | Lair:2   | Gained mutation: Your muscles are very strong. (Str +8,
                  | Int/Dex -2) [Jiyva's grace]
 10662 | Lair:2   | Gained mutation: Your translucent skin slightly reduces
                  | your foes' accuracy. (Stealth+) [Jiyva's grace]
 10935 | Lair:2   | Killed a seven-headed hydra
 11485 | Lair:3   | Noticed a five-headed hydra
 11491 | Lair:3   | Killed a five-headed hydra
 11873 | Lair:3   | Lost mutation: You are partially covered in iridescent
                  | scales. (AC +2) [Jiyva's grace]
 11873 | Lair:3   | Lost mutation: Your translucent skin slightly reduces your
                  | foes' accuracy. (Stealth+) [Jiyva's grace]
 11873 | Lair:3   | Lost mutation: Your melee attacks may engulf your foes in
                  | ooze. [Jiyva's grace]
 11873 | Lair:3   | Gained mutation: You are agile. (Dex +4, Str/Int -1)
                  | [Jiyva's grace]
 11873 | Lair:3   | Gained mutation: You are very agile. (Dex +8, Str/Int -2)
                  | [Jiyva's grace]
 11873 | Lair:3   | Gained mutation: Your melee attacks may engulf your foes in
                  | ooze. [Jiyva's grace]
 11873 | Lair:3   | Gained mutation: You are strong-willed. (Will+) [Jiyva's
                  | grace]
 12152 | Lair:3   | Found a staircase to the Snake Pit.
 12165 | Lair:3   | Reached XP level 14. HP: 121/121 MP: 14/14
 12289 | Lair:4   | Reached skill level 15 in Fighting
 13168 | Lair:5   | Entered Level 5 of the Lair of Beasts
 13258 | Lair:5   | Reached skill level 16 in Fighting
 13318 | Lair:5   | Found a viscous altar of Jiyva.
 13320 | Lair:5   | Found a staircase to the Slime Pits.
 13418 | Slime:1  | Entered Level 1 of the Pits of Slime
 13426 | Slime:1  | Noticed an acid blob
 13435 | Slime:2  | Noticed an acid blob
 13436 | Slime:2  | Noticed a quicksilver ooze
 13439 | Slime:2  | Noticed a rockslime
 13456 | Slime:5  | Entered Level 5 of the Pits of Slime
 13456 | Slime:5  | Noticed an acid blob
 13466 | Slime:5  | Identified the amulet of Iwyestri {Reflect Regen+ SH+5}
 13479 | Slime:5  | Noticed an acid blob
 13484 | Slime:5  | Noticed a formless jellyfish
 13488 | Slime:5  | Noticed a formless jellyfish
 13488 | Slime:5  | Noticed a formless jellyfish
 13488 | Slime:5  | Noticed an acid blob
 13492 | Slime:5  | Noticed an azure jelly
 13492 | Slime:5  | Noticed a quicksilver ooze
 13492 | Slime:5  | Noticed a quicksilver ooze
 13520 | Slime:5  | Noticed Dissolution
 13521 | Slime:5  | Noticed an acid blob
 13536 | Slime:5  | Found a viscous altar of Jiyva.
 13551 | Slime:5  | Noticed a quicksilver ooze
 13556 | Slime:5  | Noticed an acid blob
 13561 | Slime:5  | Noticed an acid blob
 13564 | Slime:5  | Noticed a quicksilver ooze
 13575 | Slime:5  | Noticed a rockslime
 13575 | Slime:5  | Noticed the Royal Jelly
 13602 | Slime:5  | Noticed an azure jelly
 13620 | Slime:5  | Identified the +9 plate armour "Surhecza" {rElec Will+}
 13686 | Slime:5  | Noticed an acid blob
 13690 | Slime:5  | Identified the +4 hand axe of Imbibing Death {flame, Str+5}
 13693 | Slime:5  | Got the Compilation of the Rotting Tropics
 13695 | Slime:5  | Got the Tome of Ice
 13745 | Slime:5  | Got a starry gem with 275 turns to spare
 13747 | Slime:5  | Got a slimy rune of Zot
 13748 | Slime:5  | Identified the +7 lajatang of the Kissing Badger {venom,
                  | Int+4}
 13949 | Slime:3  | Noticed a formless jellyfish
 13952 | Slime:3  | Noticed a formless jellyfish
 13959 | Slime:2  | Noticed an acid blob
 13961 | Slime:1  | Noticed a rockslime
 13983 | Lair:5   | Lost mutation: You have large cloven feet. [Jiyva's grace]
 13983 | Lair:5   | Lost mutation: You are very agile. (Dex +8, Str/Int -2)
                  | [Jiyva's grace]
 13983 | Lair:5   | Lost mutation: Your muscles are very strong. (Str +8,
                  | Int/Dex -2) [Jiyva's grace]
 13983 | Lair:5   | Gained mutation: You are covered in slimy tendrils that may
                  | disarm your opponents. [Jiyva's grace]
 13983 | Lair:5   | Gained mutation: You have acidic saliva. [Jiyva's grace]
 13983 | Lair:5   | Gained mutation: You are partially covered in iridescent
                  | scales. (AC +2) [Jiyva's grace]
 13983 | Lair:5   | Gained mutation: You are mostly covered in iridescent
                  | scales. (AC +4) [Jiyva's grace]
 14171 | Lair:5   | Reached skill level 17 in Fighting
 14880 | D:11     | Reached XP level 15. HP: 108/134 MP: 15/15
 14916 | D:11     | Noticed Harold
 14921 | D:11     | Killed Harold
 15347 | D:12     | Found Emonom's CLEARANCE SALE!.
 15354 | D:12     | Bought a scroll of identify for 8 gold pieces
 15475 | D:12     | Found Lygrur's Armour Shop.
 15832 | D:12     | Identified the +8 whip of the Sun {venom, rPois}
 15926 | D:12     | Noticed Psyche
 15936 | D:12     | Killed Psyche
 16099 | D:12     | Reached skill level 18 in Fighting
 16100 | D:12     | Found a staircase to the Orcish Mines.
 16147 | Orc:1    | Entered Level 1 of the Orcish Mines
 16174 | Orc:2    | Entered Level 2 of the Orcish Mines
 16175 | Orc:2    | Noticed Saint Roka
 16237 | Orc:2    | Noticed Sonja
 16248 | Orc:1    | Killed Saint Roka
 16288 | Orc:2    | Killed Sonja
 16373 | Orc:2    | Lost mutation: You are mostly covered in iridescent scales.
                  | (AC +4) [Jiyva's grace]
 16373 | Orc:2    | Lost mutation: You are almost entirely resistant to further
                  | mutation and mutation removal. [Jiyva's grace]
 16373 | Orc:2    | Lost mutation: Armour fits poorly on your massive
                  | pseudopods. [Jiyva's grace]
 16373 | Orc:2    | Gained mutation: You expend magic power (3 MP) to
                  | strengthen your wands. [Jiyva's grace]
 16373 | Orc:2    | Gained mutation: Your translucent skin slightly reduces
                  | your foes' accuracy. (Stealth+) [Jiyva's grace]
 16373 | Orc:2    | Gained mutation: Your translucent skin reduces your foes'
                  | accuracy. (Stealth+) [Jiyva's grace]
 16373 | Orc:2    | Gained mutation: Your transparent skin significantly
                  | reduces your foes' accuracy. (Stealth+) [Jiyva's grace]
 16497 | Orc:2    | Reached skill level 15 in Armour
 16524 | Orc:2    | Found Sylay's Magic Scroll Emporium.
 16524 | Orc:2    | Found Houdurph's Armour Emporium.
 16526 | Orc:2    | Found Cughautz's Jewellery Shoppe.
 16541 | Orc:2    | Found Qextathru's Antique Armour Shoppe.
 16768 | Orc:2    | Found a staircase to the Elven Halls.
 17116 | Orc:1    | Noticed Snorg
 17124 | Orc:1    | Killed Snorg
 17125 | Orc:1    | Reached skill level 10 in Shields
 17211 | Orc:1    | Found an iron altar of Okawaru.
 17553 | Orc:2    | Bought the ring "Bolais" {Str+3 Slay+4} for 1278 gold
                  | pieces
 17962 | D:13     | Identified the +5 flail of Bodily Humours {flame, rPois}
 18353 | D:14     | Reached XP level 16. HP: 141/145 MP: 16/16
 18362 | D:14     | Lost mutation: You are partially covered in iridescent
                  | scales. (AC +2) [Jiyva's grace]
 18362 | D:14     | Lost mutation: You are somewhat resistant to both further
                  | mutation and mutation removal. [Jiyva's grace]
 18362 | D:14     | Lost mutation: Your system is resistant to poisons. (rPois)
                  | [Jiyva's grace]
 18362 | D:14     | Gained mutation: Your body has grown eyes which may confuse
                  | attackers. (Acc +3) [Jiyva's grace]
 18362 | D:14     | Gained mutation: Your body has grown many eyes which may
                  | confuse attackers. (Acc +5) [Jiyva's grace]
 18362 | D:14     | Gained mutation: Your body is covered in eyes which may
                  | confuse attackers. (Acc +7, SInv) [Jiyva's grace]
 18362 | D:14     | Gained mutation: You are very agile. (Dex +8, Str/Int -2)
                  | [Jiyva's grace]
 18441 | D:14     | Found a gate to the Vaults.
 18446 | D:14     | Reached skill level 19 in Fighting
 18446 | D:14     | Reached skill level 15 in Staves
 19319 | D:15     | Entered Level 15 of the Dungeon
 19590 | D:15     | Found a snail-covered altar of Cheibriados.
 19616 | D:15     | Found Okli's Book Boutique.
 20059 | D:15     | Found a staircase to the Depths.
 20273 | Orc:2    | Bought the +1 pair of gloves "Boci" {rN+ Regen+ Str-4
                  | Dex+3} for 241 gold pieces
 20517 | Swamp:1  | Entered Level 1 of the Swamp
 20641 | Swamp:1  | Lost mutation: You are strong-willed. (Will+) [Jiyva's
                  | grace]
 20641 | Swamp:1  | Lost mutation: Your body is covered in eyes which may
                  | confuse attackers. (Acc +7, SInv) [Jiyva's grace]
 20641 | Swamp:1  | Lost mutation: Armour fits poorly on your large pseudopods.
                  | [Jiyva's grace]
 20641 | Swamp:1  | Lost mutation: Your transparent skin significantly reduces
                  | your foes' accuracy. (Stealth+) [Jiyva's grace]
 20641 | Swamp:1  | Gained mutation: Your rubbery body absorbs attacks. (AC +1,
                  | EV +1) [Jiyva's grace]
 20641 | Swamp:1  | Gained mutation: Your pliable body absorbs attacks. (AC +2,
                  | EV +2) [Jiyva's grace]
 20641 | Swamp:1  | Gained mutation: Your gelatinous body deflects attacks. (AC
                  | +3, EV +3) [Jiyva's grace]
 20641 | Swamp:1  | Gained mutation: You have sharp toenails. [Jiyva's grace]
 20754 | Swamp:1  | Reached XP level 17. HP: 155/155 MP: 17/17
 20812 | Swamp:1  | Reached skill level 20 in Fighting
 21042 | Swamp:1  | Identified the +10 falchion of Gallantry {flame, Str+7}
 21468 | Swamp:2  | Noticed a thorn hunter
 21819 | Swamp:2  | Killed a thorn hunter
 21976 | Swamp:3  | Noticed Roxanne
 22193 | Swamp:3  | a swamp dragon changed into an acid blob
 22193 | Swamp:3  | Noticed an acid blob
 22196 | Swamp:3  | Killed an acid blob
 22214 | Swamp:3  | Reached skill level 21 in Fighting
 22585 | Swamp:4  | Entered Level 4 of the Swamp
 22828 | Swamp:4  | Lost mutation: You are somewhat resistant to further
                  | mutation. [Jiyva's grace]
 22828 | Swamp:4  | Gained mutation: You possess an exceptional clarity of
                  | mind. [Jiyva's grace]
 22828 | Swamp:4  | Gained mutation: You have razor-sharp toenails. [Jiyva's
                  | grace]
 22828 | Swamp:4  | Gained mutation: You have claws for feet. [Jiyva's grace]
 22828 | Swamp:4  | Gained mutation: A frigid envelope surrounds you and
                  | freezes all who hurt you. [Jiyva's grace]
 22892 | Swamp:4  | Reached XP level 18. HP: 166/166 MP: 18/18
 22909 | Swamp:4  | Found a runed translucent gate.
 22909 | Swamp:4  | Found a runed translucent gate.
 22909 | Swamp:4  | Found a runed translucent gate.
 22910 | Swamp:4  | Noticed kittinger's ghost (adept HOFi)
 23275 | Swamp:4  | Got a decaying rune of Zot
 23770 | Orc:2    | Bought a ring of poison resistance for 280 gold pieces
 24000 | Snake:1  | Entered Level 1 of the Snake Pit
 24148 | Snake:1  | Reached skill level 22 in Fighting
 24433 | Snake:1  | Noticed a tentacled monstrosity
 24440 | Snake:1  | Killed a tentacled monstrosity
 25007 | Snake:2  | Identified the +1 leather armour of Cues {Harm rPois Int+3
                  | SInv}
 25162 | Snake:1  | Reached XP level 19. HP: 176/176 MP: 19/19
 25223 | Snake:2  | Identified the serpent talisman of Parts Unknown {Dex+3
                  | Slay+2}
 25223 | Snake:2  | Noticed Aizul
 25233 | Snake:2  | Killed Aizul
 25309 | Snake:2  | Identified the amulet "Maergh" {RegenMP rN++ Int-2}
 25413 | Snake:2  | Lost mutation: A frigid envelope surrounds you and freezes
                  | all who hurt you. [Jiyva's grace]
 25413 | Snake:2  | Lost mutation: Your muscles are strong. (Str +4, Int/Dex
                  | -1) [Jiyva's grace]
 25413 | Snake:2  | Lost mutation: You have acidic saliva. [Jiyva's grace]
 25413 | Snake:2  | Lost mutation: Your body has grown many eyes which may
                  | confuse attackers. (Acc +5) [Jiyva's grace]
 25413 | Snake:2  | Lost mutation: Your gelatinous body deflects attacks. (AC
                  | +3, EV +3) [Jiyva's grace]
 25413 | Snake:2  | Lost mutation: You are covered in slimy tendrils that may
                  | disarm your opponents. [Jiyva's grace]
 25413 | Snake:2  | Gained mutation: You are strong-willed. (Will+) [Jiyva's
                  | grace]
 25413 | Snake:2  | Gained mutation: You are highly strong-willed. (Will++)
                  | [Jiyva's grace]
 25413 | Snake:2  | Gained mutation: You are extremely strong-willed. (Will+++)
                  | [Jiyva's grace]
 25413 | Snake:2  | Gained mutation: You are resistant to electric shocks.
                  | (rElec) [Jiyva's grace]
 25756 | Snake:2  | Reached skill level 23 in Fighting
 26124 | Snake:3  | Found a blossoming altar of Fedhas.
 26855 | Snake:4  | Entered Level 4 of the Snake Pit
 26997 | Snake:4  | Lost mutation: You are very agile. (Dex +8, Str/Int -2)
                  | [Jiyva's grace]
 26997 | Snake:4  | Lost mutation: You possess an exceptional clarity of mind.
                  | [Jiyva's grace]
 26997 | Snake:4  | Lost mutation: Your body has grown eyes which may confuse
                  | attackers. (Acc +3) [Jiyva's grace]
 26997 | Snake:4  | Lost mutation: Your translucent skin reduces your foes'
                  | accuracy. (Stealth+) [Jiyva's grace]
 26997 | Snake:4  | Gained mutation: You are covered in slimy tendrils that may
                  | disarm your opponents. [Jiyva's grace]
 26997 | Snake:4  | Gained mutation: Armour fits poorly on your large
                  | pseudopods. [Jiyva's grace]
 26997 | Snake:4  | Gained mutation: Armour fits poorly on your massive
                  | pseudopods. [Jiyva's grace]
 26997 | Snake:4  | Lost mutation: You have claws for feet. [Jiyva's grace]
 26997 | Snake:4  | Lost mutation: You have razor-sharp toenails. [Jiyva's
                  | grace]
 26997 | Snake:4  | Lost mutation: You have sharp toenails. [Jiyva's grace]
 26997 | Snake:4  | Gained mutation: You have large cloven feet. [Jiyva's
                  | grace]
 27102 | Snake:4  | Found a runed translucent gate.
 27102 | Snake:4  | Found a runed translucent gate.
 27102 | Snake:4  | Found a runed translucent gate.
 27105 | Snake:4  | Reached skill level 15 in Shields
 27129 | Snake:4  | Noticed Smee's ghost (adept MiFi)
 27139 | Snake:4  | Noticed Louise
 27151 | Snake:4  | Killed Louise
 27424 | Snake:4  | Identified the +8 great sword "Xigoun" {drain, ^Contam rF-
                  | Will+++ Dex+5}
 27725 | Snake:4  | Reached XP level 20. HP: 188/188 MP: 20/20
 27753 | Snake:4  | Reached skill level 24 in Fighting
 27769 | Snake:4  | Mangled by Smee's ghost

Illustrated notes

Levels and vault maps discovered:
D:1:      mrwooster_arrival_statue_2, layout_basic,
          shapermc_ecumenical_altar_totnotflames, minmay_misc_feat_diagonals
D:2:      layout_rooms, nicolae_wormholes, uniq_crazy_yiuf_cottage, uniq_terence
D:3:      layout_basic
D:4:      layout_gridville, minmay_temple_entry_ruins, chequers_big_river
D:5:      layout_rooms, uniq_sigmund
D:6:      layout_cave_pods, grunt_temple_overflow_open
D:7:      layout_loops_ring, gammafunk_ghost_abyssal_escape
D:8:      layout_basic, lemuel_blue_sif_altar,
          mainiacjoe_overflow_small_starburst, nzn_ghost_randoct,
          wad_floor_pattern_untrapped, hangedman_abyss_or_decor_stabs,
          serial_library_hellmonk_open_cross
D:9:      layout_roguey, lair_entry_dummy
D:10:     hangedman_cross_cluster, layout_rooms, special_room
          [special_room_orc], st_stairs_11, uniq_lodul
D:11:     layout_rooms, uniq_harold
D:12:     layout_roguey, erik_orc_2, serial_shops, shop, nicolae_shop_clearance,
          uniq_psyche
D:13:     layout_roguey
D:14:     layout_loops_corners, skrybe_vaults_entry_preservation,
          hangedman_decor_clover_reticule
D:15:     grunt_enter_depths_snipers, layout_long_grid, roderic_serpentine_path,
          serial_shops, nicolae_shop_tiny_glass, kennysheep_slug_shrine
Temple:   minmay_temple_bridge_d
Lair:1:   layout_small_grid, beast_lair_carwin_1
Lair:2:   layout_cave_shapes, alex1729_swamp_entry_worm_eleionoma,
          wad_woods_road_01, uniq_fannar
Lair:3:   layout_gridlike, alex1729_snake_entry_snake, kennysheep_rathole,
          lemuel_fruit_tree, grunt_megastairs_4, serial_bayou_shore_b
Lair:4:   layout_regular_city, disabler_island
Lair:5:   minmay_lair_end_frog_pond, layout_misc_corridors, slime_entry_2,
          enter_volcano_1
Swamp:1:  nicolae_swamp_flooded_prison, layout_basic_swamp,
          evilmike_swamp_ruin_rubble_1
Swamp:2:  layout_falls_marsh, evilmike_swamp_ruin_rubble_2, swamp_pool_4
Swamp:3:  layout_basic_swamp, nicolae_swamp_long_stream, uniq_roxanne
Swamp:4:  swamp_basic_johnstein, layout_basic_swamp, gammafunk_ghost_necromancy,
          swamp_pool_5, hangedman_swamp_pad, grunt_witch_cave
Snake:1:  onia_ninara_swampy_vault, layout_concentric_octagons
Snake:2:  layout_cave_shapes, grunt_ministairs_2, nicolae_snake_salamander_fort,
          serial_bayou_shore_b, uniq_aizul
Snake:3:  layout_basic, basic_altar
Snake:4:  snake_pit_salamanders_mu, layout_cave_town, gammafunk_ghost_split,
          grunt_ministairs_11, uniq_louise
Slime:1:  layout_caves
Slime:2:  layout_caves, basic_altar, nicolae_slime_round_cave
Slime:3:  layout_caves
Slime:4:  layout_caves
Slime:5:  slime_pit_nicolae_inversion, uniq_dissolution
Orc:1:    layout_diamond_mine, portal_ice_cave_entry_pillars_1,
          okawaru_metal_pillars_1_2, uniq_snorg
Orc:2:    st_orc_mages, layout_caves, nicolae_orc_sculptors_studio,
          uniq_saint_roka, uniq_sonja

Skill      XL: |  1  2  3  4  5  6  7  8  9 10 11 12 13 14 15 16 17 18 19 20 |
---------------+-------------------------------------------------------------+-----
Staves         | 3 4 5 6 7 8 10 11 12 13 14 15 16 | 16.0
Fighting       | 4 5 6 7 8 10 11 13 14 17 18 19 21 22 23 24 | 24.0
Armour         | 4 6 9 10 12 14 15 16 17 18 19 | 19.4
Shields        | 5 6 7 8 10 12 13 15 | 15.5

Action                     |  1- 3 |  4- 6 |  7- 9 | 10-12 | 13-15 | 16-18 | 19-21 || total
---------------------------+-------+-------+-------+-------+-------+-------+-------++-------
  Melee: Quarterstaff      |    53 |   106 |   149 |   409 |   375 |       |       ||  1092
         Kick              |       |     4 |    47 |   142 |   126 |   254 |   160 ||   733
         Pseudopods        |       |       |       |    32 |   164 |   178 |    87 ||   461
         Lajatang          |       |       |       |       |   442 |   677 |   386 ||  1505
         Bite              |       |       |       |       |    50 |   103 |     9 ||   162
  Throw: Dart              |       |       |       |     5 |     3 |       |       ||     8
 Invoke: Oozemancy         |       |       |       |     1 |     6 |     1 |     2 ||    10
         Slimify           |       |       |       |       |     1 |     3 |     1 ||     5
  Evoke: Phial of floods   |       |       |       |     1 |     1 |     1 |     1 ||     4
         Wand              |       |       |       |     2 |     5 |    12 |       ||    19
    Use: Scroll            |       |       |     4 |     3 |     9 |     8 |       ||    24
         Potion            |       |       |       |     2 |     6 |     4 |       ||    12
   Stab: Confused          |       |       |       |     4 |     1 |    29 |     3 ||    37
         Petrified         |       |       |       |     1 |       |       |       ||     1
         Invisible         |       |       |       |       |     8 |     3 |       ||    11
 Armour: Scale mail        |    33 |    14 |       |       |       |       |       ||    47
         Plate armour      |       |    60 |   107 |   318 |   495 |   548 |   263 ||  1791
  Dodge: Dodged            |    27 |    34 |    26 |   120 |   178 |   192 |    86 ||   663
  Block: Buckler           |    18 |    34 |    32 |    37 |       |       |       ||   121
         Kite shield       |       |       |       |    89 |   546 |   188 |       ||   823
         Reflection        |       |       |       |       |    13 |    80 |    75 ||   168
         Tower shield      |       |       |       |       |       |   746 |   643 ||  1389
